 Dungeon Crawl Stone Soup version 0.21.1 (webtiles) character file.

191 shakethe the Distorting Demonspawn (level 5, 0/41 HPs)
             Began as a Demonspawn Abyssal Knight on Feb 3, 2018.
             Was a Believer of Lugonu.
             Slain by an ogre
             ... wielding a cursed -3 giant club
              (10 damage)
             ... on level 4 of the Dungeon.
             The game lasted 00:23:32 (3571 turns).

shakethe the Distorting Demonspawn (DsAK)           Turns: 3571, Time: 00:23:33

Health: 0/41       AC: 12    Str: 13    XL:     5   Next: 42%
Magic:  9/9        EV:  3    Int: 14    God:    Lugonu [**....]
Gold:   143        SH:  0    Dex: 12    Spells: 4/4 levels left

rFire    . . .     SeeInvis .   a - +3 mace
rCold    . . .     Gourm    .   (no shield)
rNeg     . . .     Faith    .   o - +0 plate armour
rPois    .         Spirit   .   x - +1 hat
rElec    .         Reflect  .   (no cloak)
rCorr    .         Harm     .   u - +0 pair of gloves
MR       +....                  (no boots)
Stlth    ..........             (no amulet)
HPRegen  0.13/turn              k - ring of protection from magic
MPRegen  0.11/turn              (no ring)

@: no status effects
A: antennae 2, spiny 1
a: Depart the Abyss, Bend Space, Renounce Religion


You were on level 4 of the Dungeon.
You worshipped Lugonu.
Lugonu was pleased with you.
You were not hungry.

You visited 1 branch of the dungeon, and saw 4 of its levels.
You visited the Abyss 1 time.

You collected 143 gold pieces.

Inventory:

Hand Weapons
 a - a +3 mace (weapon)
Armour
 b - a +0 leather armour
 e - a +0 ring mail
 g - a cursed +0 ring mail
 j - a +0 helmet
 o - a +0 plate armour (worn)
 r - a +0 animal skin
 u - a +0 pair of gloves (worn)
 x - a +1 hat (worn)
Jewellery
 k - a ring of protection from magic (left hand)
 n - a +5 ring of protection {unknown}
Wands
 p - a wand of iceblast (2)
 s - a wand of acid (11)
Scrolls
 f - a scroll of immolation
 m - 2 scrolls of teleportation
 q - a scroll of enchant weapon
 v - 2 scrolls of remove curse
Potions
 d - 2 potions of degeneration
 h - a potion of mutation {unknown}
 i - a potion of resistance
 l - a potion of haste
Books
 t - a book of Frost

   Spells                             Type                      Level
   a - Freeze                         Ice                          1
   b - Throw Frost                    Conjuration/Ice              2
   c - Ozocubu's Armour               Charms/Ice                   3
   d - Throw Icicle                   Conjuration/Ice              4
   e - Summon Ice Beast               Ice/Summoning                4
Comestibles
 c - 3 rations
 w - 3 chunks of flesh


   Skills:
 - Level 3.0 Fighting
 + Level 3.8 Maces & Flails
 - Level 1.7 Armour
 - Level 0.8 Dodging
 + Level 5.5 Invocations


You had 4 spell levels left.
You didn't know any spells.

Dungeon Overview and Level Annotations

Branches:
Dungeon (4/15)
 Temple: D:4-7

Altars:
Qazlal


Innate Abilities, Weirdness & Mutations

You have a pair of antennae on your head.
You are partially covered in sharp spines.


Message History

You see here an adder corpse.
You butcher the adder corpse.
w - 3 chunks of flesh (gained 2)
An ogre comes into view. It is wielding a giant club.
You see here 19 bolts.
You see here 19 bolts.
You see here 19 bolts.
The ogre hits you with a giant club!
You see here 19 bolts.
You hit the ogre but do no damage. The ogre hits you with a giant club.
You thump the ogre!
The ogre is moderately wounded.
The ogre hits you with a giant club!!
* * * LOW HITPOINT WARNING * * *
There is an open door here.
The ogre barely misses you. The ogre is struck by your spines.
The ogre hits you with a giant club.
* * * LOW HITPOINT WARNING * * *
The ogre hits you with a giant club!
You die...

##### ###...###
#E#...#E#####
#########...###...########
..................'.......
######...@O.......########
#............#
####...###...#
#E#...#E#...#
###...###...# #..........#
#..........########
+..........'......#
#..........######.#


You could see an earth elemental, a water elemental, a fire elemental, an air
elemental and an ogre.

Vanquished Creatures
  A centaur skeleton (D:4)
  Ijyb (D:4)
  A hound skeleton (D:4)
  Robin (D:3)
  An adder (D:4)
  A shadow imp (D:3)
  An adder skeleton (D:4)
  A worm (D:3)
  2 dart slugs
  3 leopard geckos
  A ball python (D:1)
  2 bats (D:1)
  8 giant cockroaches
  23 goblins
  4 hobgoblins
  8 jackals
  2 quokkas
  4 frilled lizards
  9 kobolds
  4 rats
78 creatures vanquished.

Notes
Turn   | Place    | Note
-------+----------+-------------------------------------------
     0 | Abyss:1  | shakethe the Demonspawn Abyssal Knight began the quest for the Orb.
     0 | Abyss:1  | Reached XP level 1. HP: 18/18 MP: 2/2
     6 | D:1      | Escaped the Abyss
    52 | D:1      | Reached skill level 3 in Invocations
    52 | D:1      | Gained mutation: You are partially covered in sharp spines. [demonic ancestry]
    52 | D:1      | Reached XP level 2. HP: 21/24 MP: 2/4
    82 | D:1      | Reached * piety under Lugonu
   673 | D:1      | Gained mutation: You have a pair of small antennae on your head. [demonic ancestry]
   673 | D:1      | Reached XP level 3. HP: 29/29 MP: 5/5
  1021 | D:2      | Found a faded altar of an unknown god.
  1670 | D:3      | Reached skill level 4 in Invocations
  2201 | D:3      | Reached XP level 4. HP: 35/35 MP: 7/7
  2528 | D:3      | Reached ** piety under Lugonu
  2571 | D:3      | Noticed Robin
  2589 | D:3      | Killed Robin
  2975 | D:4      | Reached skill level 5 in Invocations
  3152 | D:4      | Noticed Ijyb
  3178 | D:4      | Killed Ijyb
  3178 | D:4      | Gained mutation: You have a pair of antennae on your head. [demonic ancestry]
  3178 | D:4      | Reached XP level 5. HP: 41/41 MP: 8/8
  3459 | D:4      | Noticed a fire elemental
  3460 | D:4      | Found a stormy altar of Qazlal.
  3467 | D:4      | Noticed a water elemental
  3467 | D:4      | Noticed an air elemental
  3524 | D:4      | Noticed an ogre
  3571 | D:4      | Slain by an ogre

Skill      XL: |  1  2  3  4 |
---------------+-------------+-----
Maces & Flails | 2 3 |  3.8
Invocations    | 3 4 5 |  5.5
Fighting       | |  3.0
Armour         | |  1.7
Dodging        | |  0.8

Action                   |  1- 3 |  4- 6 || total
-------------------------+-------+-------++-------
Melee: Mace              |    91 |    69 ||   160
Invok: Depart the Abyss  |     1 |       ||     1
  Use: Potion            |     5 |       ||     5
       Scroll            |     8 |     3 ||    11
 Stab: Sleeping          |     1 |       ||     1
  Eat: Chunk             |     3 |     5 ||     8
Armor: Leather armour    |    13 |       ||    13
       Ring mail         |    17 |       ||    17
       Plate armour      |    14 |    68 ||    82
Dodge: Dodged            |    52 |    15 ||    67
